 Dungeon Crawl Stone Soup version 0.17.0-28-g6e173f8 (webtiles) character file.

537 septik the Cudgeler (level 7, 0/41 HPs)
             Began as a Gargoyle Fighter on Nov 26, 2015.
             Was an Initiate of Trog.
             Slain by an ogre
             ... wielding a +0 giant club
              (9 damage)
             ... on level 5 of the Dungeon.
             The game lasted 00:07:13 (4531 turns).

septik the Cudgeler (Gargoyle Fighter)              Turns: 4531, Time: 00:07:13

Health: 0/41       AC: 14    Str: 21    XL:     7   Next: 25%
Magic:  7/7        EV:  7    Int:  8    God:    Trog [......]
Gold:   279        SH:  4    Dex: 10    Spells: 0 memorised, 6 levels left

rFire  . . .     SeeInvis .     M - +0 trident (vamp)
rCold  . . .     Clarity  .     b - +0 scale mail
rNeg   + . .     SustAt   .     I - +0 buckler
rPois  ∞         Gourm    .     (no helmet)
rElec  +         Spirit   .     G - +0 cloak
rCorr  .         Warding  .     K - +1 pair of gloves
rMut   .         Stasis   .     (no boots)
MR     .....                    (no amulet)
Stlth  ..........               E - ring of flight
                                n - -2 ring of evasion (curse)

@: not resistant to hostile enchantments, extremely unstealthy
A: negative energy resistance 1, electricity resistance, unbreathing,
petrification resistance, rot immunity, AC +4
a: Burn Spellbooks, Renounce Religion, Evoke Flight


You were on level 5 of the Dungeon.
You worshipped Trog.
Trog was noncommittal.
You were not hungry.

You visited 1 branch of the dungeon, and saw 5 of its levels.

You collected 279 gold pieces.

Inventory:

Hand Weapons
 a - a +0 flail
 l - a +3 dagger
 M - a +0 vampiric trident (weapon)
Missiles
 q - 135 stones (quivered)
Armour
 b - a +0 scale mail (worn)
 c - a +0 shield
 G - a +0 cloak (worn)
 H - a +0 leather armour of fire resistance
 I - a +0 buckler (worn)
 K - a +1 pair of gloves (worn)
Jewellery
 n - a cursed -2 ring of evasion (left hand)
 o - an uncursed ring of see invisible
 E - a ring of flight (right hand)
Wands
 z - a wand of random effects (6)
Scrolls
 h - a scroll of noise {unknown}
 m - 2 scrolls of random uselessness {unknown}
 r - 5 scrolls of enchant armour {unknown}
 t - 3 scrolls of teleportation {unknown}
 v - 6 scrolls of identify {unknown}
 x - 3 scrolls of magic mapping {unknown}
 y - a scroll of enchant weapon {unknown}
 A - 2 scrolls of blinking {unknown}
 C - a scroll of remove curse {unknown}
 D - a scroll of fear {unknown}
 F - 2 scrolls of fog {unknown}
 J - 2 scrolls of recharging {unknown}
Potions
 d - 2 potions of might
 f - 2 potions of resistance {unknown}
 g - a potion of haste {unknown}
 i - a potion of cancellation {unknown}
 j - 4 potions of heal wounds {unknown}
 k - a potion of mutation {unknown}
 p - a potion of agility {unknown}
 s - a potion of magic {unknown}
 u - a potion of berserk rage {unknown}
 B - a potion of poison {unknown}
 L - a potion of curing {unknown}
Comestibles
 e - 4 bread rations
 w - 7 fruits
 N - 2 meat rations


   Skills:
 - Level 3.2 Fighting
 + Level 7.7 Maces & Flails
 - Level 3.2 Armour
 - Level 3.2 Shields


You had 6 spell levels left.
You didn't know any spells.

Dungeon Overview and Level Annotations

Branches:
Dungeon (5/15)             Temple (0/1) D:4

Altars:
Trog

Annotations:
D:5 Eustachio


Innate Abilities, Weirdness & Mutations

You are resistant to torment.
Your stone body is resilient (AC +4).
You are immune to poison.
You resist negative energy.
You are resistant to electric shocks.
You can survive without breathing.
You are immune to petrification.
You are immune to rotting.


Message History

You are too injured to fight recklessly!
You are too injured to fight recklessly!
You are too injured to fight recklessly!
You are too injured to fight recklessly!
You are too injured to fight recklessly!
You are too injured to fight recklessly!
You are too injured to fight recklessly!
You are too injured to fight recklessly!
You are too injured to fight recklessly!
You are too injured to fight recklessly!
You closely miss the ogre.
The ogre is moderately wounded.
The giant cockroach zombie bites you. The ogre hits you with a giant club!
* * * LOW HITPOINT WARNING * * *
You block the giant cockroach zombie's attack.
You puncture the ogre!
The ogre is severely wounded.
The giant cockroach zombie bites you but does no damage.
The ogre hits you with a giant club!
You die...

# ##.#≈§§#......# ##
#########.##+##......# #.
#....................###.
#........................
#....................###.
#......................+.
###########..........###.
#............## #.
#@...........# #.
#ZO..........# #.
......#####...# #.
#......# #...# ##
#..###.# #...# ... ...
###.# .... ... ..... ...


You could see an ogre and a giant cockroach zombie.

Vanquished Creatures
  The ghost of BlindIo the Charmwright, an amateur HESk (D:3)
  Blork the orc (D:5)
  A centaur (D:5)
  The ghost of Aarh the Skirmisher, a weakling HaAK of Lugonu (D:4)
  A centaur skeleton (D:4)
  An orc priest (D:5)
  An orc wizard (D:5)
  A worker ant (D:4)
  A killer bee zombie (D:5)
  4 gnolls (D:3)
  4 adders
  2 worms
  2 giant geckos
  10 orcs
  A ball python (D:4)
  5 giant cockroaches
  6 goblins
  5 hobgoblins
  8 jackals
  8 kobolds
  2 quokkas
  6 bats
  5 giant newts
  A quokka skeleton (D:4)
  5 rats
  A fungus (D:2)
84 creatures vanquished.

Notes
Turn   | Place    | Note
--------------------------------------------------------------
     0 | D:1      | septik the Gargoyle Fighter began the quest for the Orb.
     0 | D:1      | Reached XP level 1. HP: 14/14 MP: 1/1
   243 | D:1      | Reached XP level 2. HP: 16/19 MP: 2/2
   947 | D:2      | Reached XP level 3. HP: 23/23 MP: 3/3
  1706 | D:3      | Reached skill level 4 in Maces & Flails
  1789 | D:3      | Reached XP level 4. HP: 19/28 MP: 4/4
  1795 | D:3      | Found a bloodstained altar of Trog.
  2442 | D:3      | Noticed BlindIo's ghost (amateur HESk)
  2454 | D:3      | Killed BlindIo's ghost
  2454 | D:3      | Reached skill level 5 in Maces & Flails
  2454 | D:3      | Reached XP level 5. HP: 12/32 MP: 5/5
  2653 | D:3      | Became a worshipper of Trog the Wrathful
  2860 | D:4      | Noticed Aarh's ghost (weakling HaAK)
  2872 | D:4      | Killed Aarh's ghost
  2872 | D:4      | Reached skill level 6 in Maces & Flails
  2872 | D:4      | Reached XP level 6. HP: 33/37 MP: 6/6
  3161 | D:4      | Found a staircase to the Ecumenical Temple.
  3608 | D:5      | Entered Level 5 of the Dungeon
  3954 | D:5      | Noticed Eustachio
  4156 | D:5      | Noticed Blork the orc
  4178 | D:5      | Killed Blork the orc
  4178 | D:5      | Reached skill level 7 in Maces & Flails
  4277 | D:5      | Reached XP level 7. HP: 13/41 MP: 7/7
  4531 | D:5      | Slain by an ogre

Action                   |  1- 3 |  4- 6 |  7- 9 || total
-------------------------+-------+-------+-------++-------
Melee: Flail             |    16 |    64 |       ||    80
       Dagger            |   174 |    37 |       ||   211
       Trident           |       |   179 |    38 ||   217
  Eat: Chunk             |     3 |     5 |       ||     8
       Bread ration      |       |     2 |       ||     2
       Fruit             |       |     1 |       ||     1
